Map: Línea Aguablanca EE

Players

Chowmander

  • Race: Zerg Zerg
  • League: Platinum
  • Spawn Location: 6:00

EdMeister

  • Race: Protoss Protoss
  • Spawn Location: 7:00

Heisenberg

  • Race: Zerg Zerg
  • Spawn Location: 7:00

MrFercho - Winner!

  • Race: Zerg Zerg
  • League: Gold
  • Spawn Location: 1:00

TATORREA - Winner!

  • Race: Protoss Protoss
  • League: Gold
  • Spawn Location: 12:00

tigro - Winner!

  • Race: Terran Terran
  • League: Bronze
  • Spawn Location: 1:00

VOD

Have the link to the VOD?

Description

Time

  • Played on: Aug. 12, 2020, 9:12 p.m.
  • Length: 22:00
Show
View Real Time Build Order
Export as new Build Order

Chowmander Zerg 

Build Orders: Pool First, Lurkers 

Get SALT Encoding   

  12  0:01  Drone  
  13  0:08  Drone  
  14  0:18  Overlord  
  14  0:39  Drone x3  
  17  0:44  Extractor  
  16  0:50  Drone  
  17  0:57  Spawning Pool  
  17  1:01  Drone  
  17  1:12  Drone  
  17  1:16  Extractor  
  17  1:26  Drone  
  18  1:43  Drone  
  18  1:44  Queen, Drone  
  22  1:49  Metabolic Boost  
  22  2:05  Hatchery  
  21  2:09  Drone  
  21  2:13  Overlord  
  23  2:33  Hatchery  
  22  2:42  Zergling x2  
  22  2:43  Zergling x4  
  26  2:57  Spine Crawler  
  23  3:06  Queen  
  23  3:07  Zergling x4  
  27  3:13  Drone x3  
  30  3:26  Hatchery  
  29  3:41  Spore Crawler  
  28  3:48  Queen  
  28  3:55  Overlord x2  
  30  4:15  Zergling x10  
  30  4:16  Zergling x2  
  36  4:41  Drone x4  
  40  4:46  Lair  
  40  4:51  Drone x2  
  42  5:07  Drone  
  43  5:19  Evolution Chamber  
  43  5:21  Queen  
  42  5:23  Overlord x2  
  44  5:44  Drone  
  44  5:45  Drone x3  
  44  5:46  Extractor  
  47  5:50  Extractor  
  46  6:03  Drone x4  
  50  6:23  Hydralisk Den  
  49  6:30  Zerg Melee Weapons Level 1, Spire  
  48  6:39  Drone x6  
  54  6:53  Spore Crawler  
  53  7:16  Grooved Spines  
  53  7:34  Pneumatized Carapace  
  53  7:38  Zergling x2  
  53  7:39  Zergling x12  
  53  7:42  Hatchery  
  59  7:47  Infestation Pit  
  59  7:48  Drone x3  
  59  7:49  Drone x2  
  63  7:54  Queen  
  63  7:55  Lurker Den  
  64  8:00  Overlord  
  64  8:02  Zergling x4  
  64  8:03  Zergling x4  
  68  8:22  Overlord  
  69  8:27  Zergling x12  
  69  8:28  Zergling x4  
  76  8:48  Spore Crawler  
  75  8:49  Burrow  
  75  8:53  Spore Crawler  
  74  8:56  Queen, Drone, Spore Crawler  
  76  9:09  Hydralisk x4  
  76  9:10  Hydralisk  
  86  9:20  Drone x2  
  86  9:22  Drone x2  
  90  9:25  Overlord  
  90  9:35  Overlord  
  90  9:51  Drone  
  90  9:52  Drone x5  
  96  9:58  Lurker  
  96  9:59  Lurker x4  
  101  10:03  Drone x5  
  106  10:07  Overlord  
  106  10:13  Muscular Augments  
  106  10:17  Hive  
  106  10:24  Overlord  
  106  10:37  Extractor  
  106  10:39  Extractor  
  104  10:50  Hatchery  
  88  11:14  Hydralisk x6  
  88  11:15  Hydralisk x5  
  107  11:32  Seismic Spines  
  107  11:34  Zerg Missile Weapons Level 1  
  107  11:42  Evolution Chamber  
  106  11:49  Drone  
  106  11:50  Drone x6  
  113  11:55  Overlord x5  
  113  11:56  Overlord  
  113  12:06  Drone  
  114  12:27  Hydralisk x4  
  114  12:28  Hydralisk x5  
  126  12:42  Overseer  
  126  12:44  Overseer x2  
  126  13:02  Adaptive Talons  
  126  13:04  Zerg Flyer Weapons Level 1  
  125  13:06  Zerg Ground Armor Level 1  
  120  13:18  Lurker x3  
  121  13:29  Drone x3  
  75  13:56  Hydralisk x4  
  75  13:57  Hydralisk x6  
  78  14:11  Lurker  
  78  14:12  Lurker x2  
  68  14:51  Hydralisk x5  
  68  14:52  Hydralisk x9  
  71  14:53  Hydralisk x5  
  80  15:06  Zerg Missile Weapons Level 2  
  80  15:09  Zerg Melee Weapons Level 2  
  80  15:20  Hydralisk x3  
  86  15:41  Hatchery  
  85  15:46  Hatchery  
  84  15:54  Lurker  
  84  15:55  Lurker  
  84  15:56  Lurker  
  87  16:04  Hydralisk x4  
  46  16:19  Zergling x2  
  46  16:20  Zergling x16  
  46  16:21  Zergling x14  
  46  16:22  Zergling x6  
  53  16:48  Overseer x2  
  35  17:13  Drone  
  35  17:14  Drone  
  37  17:21  Extractor  
  36  17:25  Hydralisk  
  36  17:26  Hydralisk x2  
  42  17:30  Hydralisk x6  
  42  17:31  Hydralisk x3  
  61  17:37  Drone x2  
  62  17:44  Drone  
  62  17:47  Drone x3  
  66  18:10  Hydralisk x3  
  72  18:17  Queen  
  75  18:20  Drone x3  
  75  18:24  Drone x2  
  75  18:25  Drone  
  80  18:30  Queen  
  82  18:45  Zerg Missile Weapons Level 3  
  82  18:47  Zerg Melee Weapons Level 3  
  82  18:48  Adrenal Glands  
  82  19:04  Extractor  
  82  19:05  Extractor  
  82  19:06  Extractor, Drone x3  
  44  19:29  Hydralisk x8  
  44  19:30  Hydralisk x3  
  64  19:44  Hydralisk x4  
  68  20:16  Zergling x10  
  68  20:17  Zergling x2  
  65  20:52  Zergling x8  
  23  21:23  Hydralisk x6  
  23  21:24  Hydralisk x7  
Show
View Real Time Build Order
Export as new Build Order

EdMeister Protoss 

Build Orders: Carriers 

Get SALT Encoding   

  12  0:01  Probe  
  13  0:21  Pylon  
  13  0:23  Probe (Chrono Boost)  
  14  0:32  Probe (Chrono Boost)  
  14  0:33  Assimilator  
  15  0:37  Probe (Chrono Boost)  
  16  0:52  Gateway  
  16  0:56  Probe  
  17  1:08  Probe (Chrono Boost)  
  17  1:10  Pylon  
  18  1:18  Assimilator  
  18  1:21  Probe (Chrono Boost)  
  19  1:29  Probe (Chrono Boost)  
  20  1:33  Forge  
  20  1:35  Probe  
  21  1:47  Probe  
  21  1:48  Cybernetics Core  
  22  1:57  Gateway  
  22  2:05  Pylon  
  22  2:09  Pylon  
  21  2:22  Warp Gate (Chrono Boost)  
  22  2:28  Stalker (Chrono Boost)  
  24  2:40  Probe  
  25  2:48  Stalker (Chrono Boost)  
  27  3:15  Stalker  
  29  3:23  Probe  
  30  3:35  Probe  
  30  3:39  Stalker  
  33  3:47  Probe, Nexus  
  34  3:54  Pylon  
  34  3:59  Probe  
  34  4:00  Pylon  
  35  4:33  Stalker x2  
  39  4:43  Stargate  
  39  4:47  Stargate  
  39  5:03  Assimilator  
  39  5:11  Protoss Air Weapons Level 1 (Chrono Boost)  
  39  5:13  Stalker, Assimilator  
  39  5:14  Stalker  
  43  5:30  Void Ray  
  43  5:31  Void Ray  
  51  6:06  Fleet Beacon  
  51  6:09  Pylon  
  51  6:13  Pylon  
  51  6:38  Void Ray  
  55  6:55  Void Ray  
  59  7:09  Protoss Air Armor Level 1 (Chrono Boost)  
  59  7:10  Stargate  
  59  7:25  Tempest  
  64  7:31  Unknown  
  64  7:52  Probe (Chrono Boost)  
  65  8:02  Probe (Chrono Boost)  
  66  8:07  Probe (Chrono Boost)  
  66  8:10  Void Ray  
  71  8:18  Probe (Chrono Boost)  
  72  8:30  Probe (Chrono Boost)  
  73  8:37  Probe (Chrono Boost)  
  73  8:40  Void Ray  
  78  8:44  Probe (Chrono Boost)  
  79  8:51  Tempest  
  84  8:56  Probe (Chrono Boost)  
  85  9:05  Probe (Chrono Boost)  
  86  9:11  Probe  
  86  9:14  Protoss Air Weapons Level 2  
  87  9:23  Probe  
  88  9:35  Probe  
  89  11:04  Probe  
  89  11:05  Void Ray  
  89  11:11  Pylon  
  94  11:24  Pylon  
  94  11:26  Pylon  
  94  11:28  Void Ray x2  
  94  11:29  Pylon  
  102  11:33  Pylon  
  102  11:42  Probe  
  103  11:48  Void Ray (Chrono Boost)  
  103  11:50  Pylon  
  107  11:58  Protoss Air Weapons Level 3 (Chrono Boost)  
  107  12:09  Carrier x2 (Chrono Boost)  
  119  12:27  Pylon, Carrier (Chrono Boost)  
  125  12:36  Pylon  
  115  13:06  Carrier x2  
  81  13:25  Carrier  
  75  14:10  Carrier x2  
  87  14:29  Carrier  
  71  15:14  Void Ray, Carrier  
  81  15:34  Carrier  
  75  15:57  Void Ray  
  79  16:18  Tempest  
  84  16:37  Void Ray  
  84  16:39  Void Ray  
  92  17:01  Tempest  
  97  17:20  Tempest  
  97  17:22  Void Ray  
  106  17:44  Void Ray  
  110  18:03  Void Ray  
  110  18:05  Void Ray  
  124  18:34  Carrier  
  124  18:46  Void Ray  
  128  19:07  Nexus  
  108  19:44  Void Ray  
  43  20:27  Void Ray  
  27  21:13  Void Ray  
  31  21:21  Pylon  
  27  21:40  Photon Cannon  
Show
View Real Time Build Order
Export as new Build Order

Heisenberg Zerg 

Build Orders: Hatch First 

Get SALT Encoding   

  12  0:06  Drone  
  13  0:13  Drone  
  14  0:43  Hatchery  
  13  0:51  Drone  
  14  1:01  Spawning Pool  
  13  1:04  Extractor  
  13  1:06  Drone  
  13  1:07  Drone  
  14  1:18  Overlord  
  14  1:48  Queen  
  14  1:50  Zergling x6  
  19  1:57  Queen  
  21  2:13  Zergling x4  
  23  2:16  Zergling x4  
  25  2:44  Zergling x6  
  27  2:49  Overlord  
  27  3:10  Metabolic Boost  
  27  3:12  Zergling x4  
  28  3:13  Zergling x2  
  28  3:14  Zergling x4  
  31  3:29  Zergling x6  
  34  3:41  Overlord  
  32  4:13  Zergling x2  
  32  4:14  Zergling x8  
  35  4:30  Zergling x8  
  35  4:31  Zergling x6  
  42  4:39  Drone x2  
  44  4:51  Extractor  
  43  4:55  Drone  
  43  4:57  Overlord  
  33  5:40  Drone x3  
  33  5:41  Drone x6  
  42  5:47  Lair  
  42  5:51  Spore Crawler  
  41  5:59  Drone x4  
  41  6:00  Drone  
  46  6:05  Extractor  
  46  6:07  Extractor  
  44  6:19  Drone x3  
  44  6:20  Drone  
  44  6:25  Drone x2  
  50  6:30  Drone x2  
  52  6:34  Overlord  
  52  6:55  Overlord  
  52  7:02  Spire  
  51  7:09  Drone x2  
  51  7:10  Drone x3  
  56  7:16  Drone x3  
  59  7:29  Overlord  
  59  7:35  Spore Crawler  
  59  7:36  Drone  
  59  8:11  Overlord  
  59  8:18  Mutalisk x4  
  59  8:19  Mutalisk x2  
  71  8:23  Mutalisk x2  
  71  8:24  Overlord x2  
  75  8:42  Hatchery  
  74  8:52  Extractor  
  73  8:56  Extractor  
  72  9:17  Mutalisk x5  
  72  9:18  Mutalisk x2  
  72  9:20  Mutalisk x2  
  72  9:21  Mutalisk x3  
  96  9:38  Zerg Flyer Weapons Level 1  
  96  9:56  Queen  
  98  10:00  Mutalisk x3  
  104  10:15  Drone x2  
  104  10:16  Overlord  
  104  10:17  Overlord  
  104  10:18  Overlord  
  106  10:30  Spore Crawler  
  106  10:34  Queen  
  107  10:45  Mutalisk x4  
  107  10:48  Mutalisk x3  
  121  11:13  Mutalisk  
  121  11:14  Mutalisk x3  
  121  11:16  Overlord  
  129  11:19  Overlord x2  
  129  11:21  Drone  
  130  11:28  Spore Crawler  
  129  11:34  Mutalisk x2  
  129  11:35  Mutalisk x2  
  137  11:42  Zerg Flyer Armor Level 1  
  137  11:55  Drone  
  137  11:56  Drone x2  
  137  12:00  Mutalisk x2  
  124  13:36  Mutalisk  
  124  13:37  Mutalisk x7  
  124  13:38  Mutalisk x4  
  148  13:41  Mutalisk  
  148  13:42  Mutalisk x2  
  148  13:48  Zerg Flyer Weapons Level 2  
  153  14:17  Overlord x3  
  153  14:23  Overlord x3  
  153  14:41  Mutalisk  
  153  14:43  Mutalisk x2  
  153  14:45  Mutalisk x5  
  159  14:46  Mutalisk  
  109  15:32  Mutalisk x4  
  109  15:33  Mutalisk x3  
  123  15:39  Pneumatized Carapace  
  123  15:40  Overseer x2  
  123  15:50  Mutalisk  
  123  15:51  Mutalisk  
  123  15:53  Mutalisk x2  
  131  16:16  Hatchery, Mutalisk  
  131  16:17  Mutalisk  
  134  16:19  Zerg Flyer Armor Level 2  
  84  19:13  Mutalisk x4  
  84  19:14  Mutalisk x4  
  84  19:15  Mutalisk  
  72  19:26  Mutalisk  
  72  19:28  Mutalisk  
  72  19:29  Mutalisk x7  
  90  19:41  Drone x2  
  90  19:42  Drone  
  93  19:46  Extractor  
  89  19:54  Mutalisk x2  
  89  19:55  Mutalisk x6  
  88  20:11  Zergling x6  
  88  20:12  Mutalisk  
  85  20:21  Hatchery  
  85  20:26  Spine Crawler  
  83  20:30  Spine Crawler, Mutalisk  
  83  20:31  Spine Crawler, Mutalisk x3  
  83  20:32  Spine Crawler  
  83  20:34  Mutalisk  
  90  20:36  Zergling x4  
  90  20:37  Zergling x2  
  93  20:43  Zergling x2  
  94  21:02  Zergling x6  
  97  21:04  Zergling x6  
  97  21:05  Zergling x2  
Show
View Real Time Build Order
Export as new Build Order

MrFercho Zerg - Winner!

Build Orders: Pool First, Lurkers 

Get SALT Encoding   

  12  0:18  Spawning Pool  
  11  0:22  Drone  
  11  0:27  Drone  
  13  0:31  Drone  
  14  0:41  Overlord  
  14  1:07  Zergling x2  
  14  1:08  Zergling x4  
  17  1:15  Queen  
  19  1:33  Zergling x4  
  21  1:41  Drone  
  22  2:14  Hatchery  
  21  2:21  Drone  
  21  2:22  Overlord x2  
  20  2:55  Drone  
  20  2:56  Drone x2  
  22  3:06  Drone  
  23  3:18  Extractor  
  20  3:21  Drone  
  21  3:32  Overlord x2  
  21  3:39  Drone  
  21  3:40  Drone  
  23  3:52  Queen  
  23  3:53  Queen  
  27  4:04  Drone x6  
  33  4:16  Overlord  
  33  4:17  Overlord  
  33  4:23  Roach Warren  
  32  4:36  Metabolic Boost  
  32  5:05  Hatchery, Drone x9  
  40  5:11  Drone  
  40  5:13  Overlord x3  
  41  5:21  Hatchery  
  40  5:45  Roach x8  
  40  5:47  Overlord  
  56  6:04  Drone  
  56  6:05  Drone x3  
  60  6:11  Extractor  
  60  6:12  Extractor  
  60  6:17  Lair  
  58  6:28  Evolution Chamber  
  58  6:31  Drone x3  
  60  6:33  Drone x3  
  63  6:42  Roach x3  
  63  6:45  Overlord x2  
  69  7:14  Zerg Missile Weapons Level 1  
  69  7:17  Glial Reconstitution  
  69  7:19  Roach, Evolution Chamber  
  69  7:21  Overlord x2  
  70  7:24  Hatchery  
  70  7:29  Drone x12  
  81  7:44  Pneumatized Carapace  
  81  7:50  Zerg Ground Armor Level 1  
  81  8:09  Extractor  
  81  8:10  Extractor, Drone x9  
  81  8:11  Drone x2  
  90  8:16  Extractor  
  89  8:21  Drone  
  89  8:22  Hydralisk Den, Drone x2  
  91  8:31  Roach  
  91  8:32  Roach x5  
  103  8:44  Queen  
  105  8:48  Drone x2  
  105  8:49  Drone  
  108  9:00  Hatchery, Grooved Spines  
  107  9:03  Infestation Pit  
  106  9:10  Spire  
  106  9:13  Overseer  
  105  9:17  Overlord  
  105  9:18  Overlord x2  
  105  9:19  Roach  
  105  9:20  Roach x8  
  105  9:22  Hydralisk  
  125  9:29  Queen  
  127  9:31  Spore Crawler  
  127  9:35  Spore Crawler  
  127  9:36  Drone x4  
  129  9:40  Zerg Missile Weapons Level 2  
  129  9:46  Hive  
  129  9:53  Lurker Den  
  129  9:59  Drone x2  
  130  10:06  Extractor, Hydralisk x5  
  131  10:08  Overlord  
  131  10:09  Overlord  
  131  10:10  Extractor, Zergling x2  
  131  10:11  Zergling x12, Muscular Augments  
  145  10:26  Queen  
  147  10:39  Zerg Ground Armor Level 2  
  147  10:46  Spire  
  147  10:48  Hydralisk x5  
  156  11:22  Seismic Spines  
  156  11:24  Greater Spire  
  156  11:25  Corruptor  
  156  11:27  Overlord x3  
  156  11:31  Drone x2  
  156  11:32  Drone  
  161  11:33  Drone x3  
  161  11:36  Drone x11  
  161  11:39  Drone  
  177  11:40  Drone  
  177  11:44  Lurker x3  
  177  11:45  Lurker  
  181  11:54  Corruptor  
  183  12:07  Ultralisk Cavern  
  182  12:19  Adaptive Talons  
  182  12:24  Spore Crawler  
  182  12:26  Hatchery  
  180  12:30  Spore Crawler  
  180  12:32  Spore Crawler  
  180  12:34  Spore Crawler  
  157  12:50  Hydralisk x19  
  157  12:51  Hydralisk  
  191  12:55  Ravager  
  138  13:37  Hydralisk x8  
  138  13:38  Hydralisk x8  
  168  13:44  Hatchery  
  167  13:56  Zerg Missile Weapons Level 3  
  167  14:20  Overseer x2  
  102  15:06  Hydralisk x19  
  102  15:07  Hydralisk x6  
  152  15:18  Overlord x4  
  152  15:25  Spore Crawler  
  151  15:28  Spore Crawler  
  151  15:32  Spore Crawler  
  149  15:46  Lurker  
  149  15:47  Lurker x7  
  157  15:54  Drone x3  
  160  15:59  Drone  
  160  16:00  Drone x6  
  167  16:19  Hydralisk  
  167  16:20  Hydralisk x11  
  167  16:23  Hatchery  
  184  16:49  Zerg Melee Weapons Level 1, Zerg Ground Armor Level 3  
  140  17:09  Hydralisk x12  
  140  17:10  Hydralisk  
  117  17:24  Hydralisk x5  
  119  17:42  Corruptor x4  
  127  17:55  Queen  
  129  18:01  Extractor  
  129  18:02  Extractor  
  127  18:08  Burrow  
  127  18:10  Overseer  
  127  18:21  Lurker x7  
  127  18:23  Hydralisk  
  127  18:25  Zergling x20  
  127  18:26  Zergling x8  
  150  18:35  Anabolic Synthesis  
  150  18:56  Hydralisk  
  150  18:57  Hydralisk x7  
  154  19:18  Chitinous Plating  
  107  19:47  Spore Crawler  
  97  19:56  Hydralisk  
  97  19:57  Hydralisk x19  
  97  19:58  Hydralisk x4  
  141  20:05  Greater Spire  
  133  20:11  Adrenal Glands  
  129  20:18  Drone x5  
  134  20:38  Zergling x2  
  134  20:39  Zergling x26  
  148  20:57  Overseer x2  
  148  20:58  Overseer  
  144  21:33  Hydralisk  
  144  21:34  Hydralisk x19  
Show
View Real Time Build Order
Export as new Build Order

TATORREA Protoss - Winner!

Build Orders: Mass Adepts 

Get SALT Encoding   

  12  0:03  Probe  
  13  0:15  Probe  
  14  0:26  Pylon  
  14  0:28  Probe  
  15  0:44  Probe  
  16  0:52  Gateway  
  16  0:56  Probe  
  17  1:01  Assimilator  
  17  1:08  Probe  
  18  1:19  Gateway  
  18  1:20  Probe (Chrono Boost)  
  19  1:29  Pylon  
  19  1:32  Probe (Chrono Boost)  
  20  1:36  Assimilator  
  20  1:37  Probe (Chrono Boost)  
  21  1:43  Pylon  
  21  1:46  Probe  
  21  1:59  Probe  
  22  2:06  Cybernetics Core  
  22  2:18  Gateway  
  22  2:21  Gateway  
  22  2:22  Probe  
  23  2:42  Warp Gate  
  23  2:43  Adept x2 (Chrono Boost)  
  27  3:08  Adept (Chrono Boost)  
  27  3:10  Adept x2 (Chrono Boost)  
  35  3:14  Adept (Chrono Boost)  
  35  3:20  Pylon  
  23  4:34  Adept x3  
  23  4:35  Adept  
  31  4:42  Nexus  
  31  4:47  Pylon  
  31  4:49  Pylon  
  31  4:58  Robotics Facility  
  31  5:00  Stargate  
  31  5:06  Twilight Council  
  31  5:11  Adept x2  
  31  5:14  Adept  
  37  5:21  Adept  
  39  5:41  Stalker x2  
  43  5:52  Probe  
  43  5:54  Probe  
  45  6:04  Probe  
  45  6:06  Probe  
  47  6:16  Probe  
  47  6:17  Void Ray  
  52  6:19  Probe  
  53  6:29  Probe  
  53  6:31  Probe  
  55  6:41  Probe  
  55  6:43  Assimilator x2  
  55  6:47  Probe  
  57  6:52  Charge  
  57  6:53  Probe  
  58  6:59  Probe  
  58  7:00  Void Ray  
  63  7:19  Probe  
  63  7:20  Probe  
  65  7:31  Probe  
  65  7:32  Probe  
  67  7:43  Void Ray, Probe  
  72  7:47  Nexus  
  72  7:52  Pylon  
  72  7:55  Pylon  
  72  7:58  Fleet Beacon, Probe x2  
  74  8:10  Probe x2  
  76  8:17  Templar Archives  
  76  8:22  Probe x2  
  76  8:26  Void Ray  
  82  8:34  Probe x2  
  84  8:44  Immortal  
  84  8:45  Unknown  
  84  8:46  Probe x2  
  90  8:54  Robotics Bay  
  90  8:58  Pylon  
  90  9:01  Probe x2  
  92  9:05  Probe  
  92  9:08  Pylon  
  93  9:13  Probe x2  
  95  9:17  Probe  
  95  9:22  Psionic Storm  
  96  9:27  High Templar x3  
  102  9:36  Probe x3  
  105  9:39  High Templar  
  105  9:40  Assimilator  
  105  9:42  Assimilator  
  107  9:56  Archon  
  107  9:57  Archon  
  107  10:02  Protoss Air Weapons Level 1 (Chrono Boost)  
  107  10:05  Colossus  
  113  10:28  Nexus  
  113  10:30  Pylon  
  113  10:32  Pylon  
  113  10:40  Pylon  
  113  10:42  Pylon  
  113  10:45  Probe x3  
  116  10:50  High Templar x4  
  116  10:51  Pylon  
  116  10:55  Pylon, Archon x2  
  125  10:57  Pylon, Probe x3  
  125  10:59  Colossus  
  125  11:03  Extended Thermal Lance (Chrono Boost)  
  133  11:05  Gateway  
  133  11:07  Gateway  
  133  11:10  Gateway  
  133  11:19  Probe  
  133  11:20  Probe x2  
  136  11:26  Gateway  
  136  11:28  Gateway  
  136  11:29  Void Ray  
  136  11:32  Probe x3, High Templar  
  145  11:34  Zealot x3  
  151  11:44  Probe x3  
  154  11:48  Assimilator  
  154  11:53  Observer  
  155  11:57  High Templar x2  
  155  11:58  High Templar  
  155  11:59  Assimilator, Pylon  
  155  12:00  Zealot  
  163  12:12  Probe x4  
  163  12:13  Pylon  
  163  12:14  Immortal  
  171  12:22  Zealot x2  
  173  12:23  Zealot x3  
  173  12:24  Probe x2  
  183  12:38  Archon  
  183  12:39  Archon  
  183  12:41  Forge  
  183  12:44  Forge  
  183  12:47  Forge  
  163  13:10  Stalker  
  163  13:11  Stalker x5  
  163  13:12  Stalker x3  
  101  13:58  Colossus  
  101  14:02  High Templar x3  
  90  14:03  High Templar x4  
  90  14:04  High Templar x2  
  104  14:24  Gateway  
  104  14:25  Gateway x2  
  104  14:28  Gateway x2  
  104  14:29  Gateway  
  104  14:31  Gateway  
  104  14:32  Gateway  
  104  14:37  Gateway  
  104  14:38  High Templar x2  
  106  14:39  High Templar x5  
  106  14:41  Zealot  
  106  14:42  Gateway, Archon  
  106  14:43  Archon x5  
  106  14:44  Archon x2  
  106  14:45  Gateway  
  120  14:47  Void Ray  
  120  14:48  Gateway  
  120  14:52  Colossus  
  124  14:53  Gateway x2  
  124  14:55  Zealot  
  124  14:57  Gateway  
  132  15:03  Nexus  
  132  15:04  Pylon  
  132  15:06  Pylon  
  132  15:07  Gravitic Boosters  
  132  15:11  Protoss Ground Armor Level 1 (Chrono Boost), Protoss Ground Weapons Level 1 (Chrono Boost), Protoss Shields Level 1 (Chrono Boost)  
  132  15:18  Stalker x2  
  132  15:19  Stalker x2  
  132  15:20  Stalker  
  132  15:35  High Templar x2  
  132  15:37  Zealot  
  132  15:38  Zealot x3  
  132  15:39  Zealot x4  
  132  15:40  Zealot x3  
  154  15:46  Observer  
  99  16:24  Stalker x2  
  99  16:25  Stalker x5  
  103  16:26  Stalker x4  
  103  16:27  Stalker x4  
  103  16:28  Stalker x3  
  116  17:01  Assimilator, Observer  
  117  17:02  Assimilator  
  117  17:17  Stalker x4  
  117  17:18  Stalker x4  
  117  17:19  Stalker x4  
  117  17:20  Stalker x4  
  149  17:24  Stalker  
  149  17:26  Zealot x2  
  149  17:27  Zealot x5  
  142  17:56  Blink (Chrono Boost)  
  142  17:59  Nexus  
  142  18:01  Protoss Ground Armor Level 2, Protoss Ground Weapons Level 2  
  142  18:03  Protoss Shields Level 2, Pylon  
  142  18:04  Pylon  
  130  18:39  Probe x3  
  130  18:40  Probe  
  134  18:44  Probe  
  135  18:51  Probe  
  135  18:52  Probe x3  
  139  18:57  Probe  
  139  19:01  Stalker  
  139  19:02  Stalker x5  
  150  19:03  Stalker x3, Probe  
  150  19:04  Stalker x4, Probe x3  
  150  19:05  Stalker x3  
  176  19:29  Zealot x3  
  176  19:30  Zealot x4  
  176  19:31  Zealot x2  
  192  19:35  Zealot  
  196  19:57  Probe x4  
  102  20:35  Stalker x4  
  90  20:36  Stalker x2  
  90  20:37  Stalker x4  
  90  20:38  Stalker x4  
  90  20:39  Stalker x3  
  90  20:40  Stalker  
  102  20:59  Zealot x2  
  102  21:00  Zealot x5  
  102  21:01  Zealot x2  
  112  21:15  High Templar x5  
  112  21:16  High Templar x3  
  118  21:20  Zealot x5  
  118  21:21  Zealot x4  
  118  21:22  Zealot x4  
  118  21:23  Zealot x3  
  134  21:25  Archon x2  
  134  21:26  Archon  
  134  21:27  Archon  
Show
View Real Time Build Order
Export as new Build Order

tigro Terran - Winner!

Build Orders:  

Get SALT Encoding   

  12  0:14  SCV  
  13  0:23  Supply Depot  
  13  0:26  SCV  
  14  0:38  SCV  
  15  0:46  Supply Depot  
  15  0:50  Barracks, SCV  
  16  0:58  Refinery  
  16  1:06  Refinery  
  16  1:07  SCV  
  17  1:23  SCV  
  18  1:35  SCV  
  18  1:38  Marine  
  20  1:47  SCV  
  21  1:56  Marine  
  22  2:03  Factory  
  22  2:04  SCV  
  23  2:14  Marine  
  24  2:22  Engineering Bay  
  24  2:30  SCV  
  24  2:31  Marine  
  26  2:42  SCV  
  27  2:49  Marine  
  28  2:54  SCV  
  29  3:07  Factory Tech Lab  
  29  3:09  Barracks Tech Lab  
  29  3:18  Command Center  
  29  3:22  Missile Turret  
  29  3:25  Orbital Command  
  29  3:55  Siege Tank  
  32  4:15  Marine  
  33  4:28  Siege Tank  
  36  4:32  Marine  
  37  4:44  Starport  
  37  4:50  Marine  
  38  5:04  SCV, Refinery  
  39  5:08  Marine  
  39  5:12  Supply Depot  
  40  5:16  SCV  
  41  5:26  Marine  
  42  5:28  SCV  
  43  5:38  Armory  
  43  5:40  SCV  
  44  5:53  SCV  
  44  5:55  Medivac  
  47  6:01  Combat Shield  
  47  6:04  Terran Infantry Weapons Level 1  
  47  6:36  Missile Turret  
  47  6:42  Fusion Core, Starport Tech Lab  
  47  6:48  Terran Vehicle Weapons Level 1  
  47  6:55  SCV  
  47  7:00  Marine, Refinery  
  49  7:04  Missile Turret  
  49  7:07  SCV  
  50  7:18  Marine  
  50  7:19  SCV  
  50  7:20  Stimpack  
  52  7:31  SCV  
  52  7:35  Marine  
  54  7:43  SCV  
  55  7:49  Missile Turret  
  55  7:53  Marine  
  55  7:56  Barracks  
  55  7:58  SCV  
  57  7:59  Terran Infantry Armor Level 1  
  57  8:10  Missile Turret, SCV  
  57  8:11  Marine  
  57  8:12  Weapon Refit  
  59  8:22  SCV  
  60  8:34  SCV  
  61  8:41  Thor  
  61  8:42  Terran Vehicle And Ship Armor Level 1  
  61  8:46  SCV  
  61  8:47  Starport  
  61  8:48  Missile Turret  
  68  8:58  SCV  
  68  8:59  Supply Depot  
  69  9:10  SCV  
  69  9:14  Missile Turret  
  70  9:18  Barracks Reactor  
  70  9:20  Marine  
  70  9:22  SCV  
  72  9:35  SCV, Starport Tech Lab  
  73  9:38  Marine  
  74  9:47  Missile Turret, SCV  
  74  9:52  Rapid Reignition System  
  75  9:53  Neosteel Armor  
  75  9:56  Marine  
  76  10:09  Missile Turret  
  76  10:14  Marine  
  77  10:32  Marine  
  78  10:37  Terran Ship Weapons Level 1  
  78  10:49  Missile Turret  
  78  10:53  Battlecruiser  
  84  11:12  Missile Turret  
  84  11:16  Command Center  
  84  11:33  Hi-Sec Auto Tracking  
  84  11:34  Missile Turret  
  84  11:47  Supply Depot  
  84  11:58  Missile Turret  
  84  12:09  Battlecruiser  
  84  12:10  Supply Depot  
  84  12:12  Thor  
  84  12:13  Battlecruiser  
  102  12:29  Terran Infantry Weapons Level 2  
  102  12:30  Terran Vehicle Weapons Level 2, Refinery  
  102  12:35  Supply Depot  
  102  12:55  Thor  
  102  13:12  Marine x3  
  105  13:15  Battlecruiser  
  105  13:17  Battlecruiser  
  117  13:30  Marine x3  
  120  13:38  Thor  
  126  13:47  Marine  
  126  13:48  Marine x2  
  127  14:05  Marine x2  
  127  14:06  Marine  
  118  14:19  Battlecruiser  
  118  14:21  Medivac  
  118  14:23  Marine  
  116  14:45  Terran Infantry Armor Level 2  
  110  14:46  Terran Vehicle And Ship Armor Level 2  
  56  15:40  Refinery  
  56  15:47  SCV  
  56  15:48  Marine x3  
  60  15:50  Thor  
  60  15:52  Missile Turret  
  60  15:54  Battlecruiser  
  78  15:59  Medivac  
  74  16:05  Marine  
  74  16:06  Marine x2  
  77  16:14  Missile Turret  
  77  16:23  Marine x3  
  80  16:29  Battlecruiser  
  86  16:32  Thor  
  86  16:37  Missile Turret  
  92  16:41  Marine x3  
  89  16:58  Battlecruiser  
  89  16:59  Marine x3  
  98  17:15  Thor  
  98  17:17  Marine  
  105  17:33  Medivac  
  95  17:58  Thor  
  95  18:00  Missile Turret  
  80  19:32  Medivac x2  
  80  19:35  Thor  
  80  19:37  Marine x2  
  80  19:38  Marine  
  93  19:50  Missile Turret  
  93  19:55  Marine x3  
  96  20:02  Battlecruiser x2  
  108  20:11  Missile Turret  
  108  20:13  Marine x3  
  111  20:24  Supply Depot  
  111  20:31  Marine x3  
  111  20:33  Missile Turret  
  114  20:47  Supply Depot  
  114  20:49  Marine  
  115  20:50  Thor  
  121  21:10  Supply Depot  
  133  21:16  Missile Turret  
Tags
 
Add a new tag
Caveats
  • Supply blocks, unpowered buildings, or Contaminate may cause inaccurate times.
  • Supply counts are checked every 10 seconds.